 Dungeon Crawl Stone Soup version 0.30-a0-122-g2a1322497e (webtiles) character file.

Game seed: 17914326626220886316

775 Dreamer the Sneak (level 7, -6/36 HPs)
             Began as a Vampire Enchanter on Sept 16, 2022.
             Blown up by Ijyb (20 damage)
             ... with a mindburst bolt
             ... on level 4 of the Dungeon.
             The game lasted 00:16:30 (4920 turns).

Dreamer the Sneak (Vampire Enchanter)               Turns: 4920, Time: 00:16:31

Health: -6/36      AC:  4    Str: 15    XL:     7   Next: 54%
Magic:  16/23      EV: 13    Int: 16    God:
Gold:   28         SH:  0    Dex: 14    Spells: 7/15 levels left

rFire   + . .      SeeInvis +    r - +3 dagger
rCold   + + .      Faith    .    (no shield)
rNeg    + + +      Spirit   .    v - +2 robe {rF+}
rPois   ∞          Reflect  .    (helmet restricted)
rElec   .          Harm     .    (no cloak)
rCorr   .          Rampage  .    (no gloves)
Will    .....                    (no boots)
Stlth   +++++.....               (no amulet)
HPRegen 0.00/turn                j - ring of magical power
MPRegen 0.18/turn                a - ring of flight

@: flying, bloodless, inhibited regen
A: bloodless, fangs 3, see invisible, vampiric 2, horns 1, strong 2
a: Bat Form, Revivify


You were on level 4 of the Dungeon.
You visited 1 branch of the dungeon, and saw 4 of its levels.

You collected 270 gold pieces.
You spent 242 gold pieces at shops.

Inventory:

Hand Weapons
 r - a +3 dagger (weapon)
Armour
 g - a +0 helmet
 v - a +2 robe of fire resistance (worn)
Jewellery
 a - a ring of flight (right hand)
 j - a ring of magical power (left hand)
Scrolls
 d - a scroll of vulnerability {unknown}
 e - 2 scrolls of poison
 f - a scroll of teleportation {unknown}
 k - a scroll of amnesia {unknown}
 m - a scroll of blinking {unknown}
 n - a scroll of identify
 o - a scroll of immolation {unknown}
 p - a scroll of brand weapon {unknown}
 q - 2 scrolls of butterflies {unknown}
Potions
 c - a potion of invisibility
 h - a potion of flight
 l - 4 potions of heal wounds {unknown}
 s - a potion of magic {unknown}
 t - a potion of haste {unknown}
 u - a potion of curing


   Skills:
 + Level 3.7 Short Blades
 + Level 4.3 Dodging
 + Level 7.0 Stealth
 * Level 4.7 Spellcasting
 + Level 6.7 Hexes


You had 7 spell levels left.
You knew the following spells:

 Your Spells              Type           Power      Damage    Failure   Level
a - Ensorcelled Hibernat  Hex/Ice        28%        N/A       6%          2
b - Confusing Touch       Hex            25%        N/A       3%          3
c - Tukima's Dance        Hex            25%        N/A       3%          3

Your spell library contained the following spells:

 Spells                   Type           Power      Damage    Failure   Level
 Dazzling Flash           Conj/Hex       28%        N/A       12%         3
 Inner Flame              Hex/Fire       14%        N/A       12%         3
 Foxfire                  Conj/Fire      12%        2x1d4     16%         1
 Kindle Blastsparks       Fire/Tloc/Air  6%         2d10      43%         3
 Flame Wave               Conj/Fire      3%         2d5       83%         4


Dungeon Overview and Level Annotations

Branches:
Dungeon (4/15)
 Temple: D:4-7

Altars:
Kikubaaqudgha
Ru
Sif Muna

Shops:
D:1 [?(!(   D:4 *![:

Annotations:
D:4 Ijyb


Innate Abilities, Weirdness & Mutations

You do not regenerate when monsters are visible.
You are frail without blood (-20% HP).
You can heal yourself when you bite living creatures.
You are immune to poison.
You have razor-sharp teeth.
You have supernaturally acute eyesight. (SInv)
You are afflicted with vampirism and can become a bat while bloodless.
You have a pair of small horns on your head.
Your muscles are very strong. (Str +8, Int/Dex -2)


Message History

Ijyb is moderately wounded.
Ijyb zaps a wand.
You struggle to resist.
You hit Ijyb but do no damage. Your bite misses Ijyb.
Ijyb is moderately wounded.
Ijyb closely misses you.
You hit Ijyb but do no damage.
Ijyb is moderately wounded.
You barely miss Ijyb. Your headbutt misses Ijyb.
You bite Ijyb, but do no damage.
Ijyb is moderately wounded.
Ijyb zaps a wand.
You struggle to resist.
You barely miss Ijyb. Your headbutt misses Ijyb.
Ijyb is moderately wounded.
Ijyb hits you but does no damage.
You barely miss Ijyb. Your headbutt misses Ijyb. Your bite misses Ijyb.
Ijyb is moderately wounded.
Ijyb hits you with a +0 club.
You hit Ijyb but do no damage. Your headbutt misses Ijyb.
Ijyb is moderately wounded.
Ijyb hits you with a +0 club.
You hit Ijyb but do no damage.
Ijyb is moderately wounded.
You hit Ijyb but do no damage.
Ijyb is moderately wounded.
Ijyb closely misses you.
You hit Ijyb but do no damage. You headbutt Ijyb.
Ijyb is moderately wounded.
Ijyb barely misses you.
You closely miss Ijyb.
Ijyb is moderately wounded.
Ijyb hits you with a +0 club.
You hit Ijyb but do no damage. You headbutt Ijyb.
Ijyb is heavily wounded.
Ijyb hits you with a +0 club.
You hit Ijyb but do no damage. You headbutt Ijyb, but do no damage.
You punch Ijyb, but do no damage.
Ijyb is heavily wounded.
Ijyb zaps a wand.
Your mind is blasted!
Ouch! That really hurt!
You die...

......._.......## ##..##
....##...##...## ###..##
....#.....#...#####...##
##....#.#............##
##..##.##..........##
##................#
#..........).....##
#..............#..#
###...........g@##..#
##....##.......)####.##
......##.......## #..#
.......#.......# ##.####
..##...........# #.##.#
..###..........######...##
.## ##.....)............#
.# ###...............#..#
.###............######..#


You could see Ijyb.

Vanquished Creatures
  Sigmund (D:4)
  Menkaure (D:4)
  An ogre (D:4)
  A bullfrog (D:4)
  A scorpion (D:4)
  2 orc priests (D:3)
  3 orc wizards (D:3)
  A gnoll (D:1)
  5 adders
  An ufetubus (D:4)
  8 orcs
  5 ball pythons
  11 endoplasms
  6 giant cockroaches
  5 goblins
  4 hobgoblins
  10 jackals (D:1)
  4 quokkas
  7 bats
  3 frilled lizards (D:2)
  5 kobolds
  9 rats
94 creatures vanquished.

Vanquished Creatures (others)
  3 plants (D:1)
3 creatures vanquished.

Grand Total: 97 creatures vanquished

Notes
Turn   | Place    | Note
-------+----------+-------------------------------------------
     0 | D:1      | Dreamer the Vampire Enchanter began the quest for the Orb.
     0 | D:1      | Reached XP level 1. HP: 13/13 MP: 3/3
    43 | D:1      | Found Ostoustirch's Distillery.
   217 | D:1      | Reached XP level 2. HP: 15/15 MP: 5/5
   226 | D:1      | Learned a level 2 spell: Ensorcelled Hibernation
   239 | D:1      | Found Ynerr's Armour Shoppe.
   436 | D:1      | Found Emoexuc's Weapon Boutique.
   820 | D:1      | Found Buakh's Weapon Shoppe.
   843 | D:1      | Found a faded altar of an unknown god.
   861 | D:1      | Found a faded altar of an unknown god.
   925 | D:1      | Found Byvy's Magic Scroll Shoppe.
   941 | D:1      | Gained mutation: You are afflicted with vampirism and can
                  | become a bat while bloodless. [Vampire growth]
   941 | D:1      | Reached XP level 3. HP: 19/19 MP: 1/6
   957 | D:1      | Reached skill level 5 in Stealth
  1346 | D:2      | Found an ancient bone altar of Kikubaaqudgha.
  1404 | D:2      | Reached skill level 5 in Hexes
  1413 | D:2      | Learned a level 3 spell: Confusing Touch
  1729 | D:2      | Reached XP level 4. HP: 24/24 MP: 7/7
  2332 | D:3      | Reached XP level 5. HP: 28/28 MP: 9/9
  3190 | D:4      | Noticed Menkaure
  3217 | D:4      | Learned a level 3 spell: Tukima's Dance
  3233 | D:4      | Killed Menkaure
  3234 | D:4      | Reached skill level 6 in Stealth
  3234 | D:4      | Reached XP level 6. HP: 31/32 MP: 11/11
  3357 | D:4      | Found a shimmering blue altar of Sif Muna.
  3641 | D:4      | Reached XP level 7. HP: 36/36 MP: 13/13
  3661 | D:4      | Found Gopsupho's Book Boutique.
  3664 | D:4      | Found Agrab's Distillery.
  3664 | D:4      | Found Irinod's Armour Boutique.
  3665 | D:4      | Found Qaleceh's General Store.
  3678 | D:4      | Bought a potion of curing for 30 gold pieces
  3687 | D:4      | Bought a +2 robe of fire resistance for 212 gold pieces
  3701 | D:4      | Gained mutation: Your muscles are strong. (Str +4, Int/Dex
                  | -1) [potion of mutation]
  3701 | D:4      | Gained mutation: You have a pair of small horns on your
                  | head. [potion of mutation]
  3701 | D:4      | Gained mutation: Your muscles are very strong. (Str +8,
                  | Int/Dex -2) [potion of mutation]
  4238 | D:4      | Noticed Sigmund
  4246 | D:4      | Killed Sigmund
  4247 | D:4      | Reached skill level 7 in Stealth
  4301 | D:4      | Found a sacrificial altar of Ru.
  4329 | D:4      | Noticed Ijyb
  4920 | D:4      | Blown up by Ijyb

Illustrated notes

Levels and vault maps discovered:
D:1:      scummos_arrival_hexagon, layout_basic,
          hellmonk_ecumenical_altar_the_god_not_taken, serial_shops,
          nicolae_shop_temple_entry_statues_fountains, shop, shop,
          nicolae_shop_bloodbath_and_beyond, nicolae_square_shop,
          serial_bayou_pond_c
D:2:      layout_loops_cross, basic_altar, minmay_pentomino_x2
D:3:      layout_basic
D:4:      layout_layer_cave, mainiacjoe_overflow_small_starburst,
          nicolae_ru_awakened_eye, nicolae_overflow_crystal_walls,
          hangedman_glass_teeth, minmay_shop_grid_forest, nrook_campfire,
          uniq_menkaure, uniq_ijyb, uniq_sigmund

Skill      XL: |  1  2  3  4  5  6  7 |
---------------+----------------------+-----
Stealth        | 5 6 7 |  7.0
Hexes          | 5 6 |  6.7
Short Blades   | 2 3 |  3.7
Dodging        | 3 4 |  4.3
Spellcasting   | 3 4 |  4.7

Action                   |  1- 3 |  4- 6 |  7- 9 || total
-------------------------+-------+-------+-------++-------
Melee: Dagger            |   104 |    68 |    45 ||   217
       Bite              |     5 |     5 |     4 ||    14
       Punch             |     1 |     1 |     1 ||     3
       Headbutt          |       |       |     6 ||     6
 Cast: Ensorcelled Hiber |    15 |    38 |    24 ||    77
       Confusing Touch   |       |     1 |       ||     1
 Abil: Exsanguinate      |     1 |       |       ||     1
  Use: Scroll            |       |       |     3 ||     3
       Potion            |       |       |     2 ||     2
 Stab: Sleeping          |    23 |    29 |     9 ||    61
       Confused          |       |     1 |       ||     1
Armor: Robe              |    23 |     8 |     9 ||    40
Dodge: Dodged            |    65 |    30 |    32 ||   127

Table legend: (Time is in decaauts)
 A = Elapsed time spent in this place.
 B = Non-inter-level travel time spent in this place.
 C = Inter-level travel time spent in this place.
 D = Time resting spent in this place.
 E = Time spent auto-exploring this place.
 F = Levels seen in this place.
 G = Mean time per level.
                   A        B        C        D        E       F      G
               +--------+--------+--------+--------+--------+-----+--------+
         Total |   4909 |   4681 |    228 |   1277 |   2345 |   4 | 1227.2 |
       Dungeon |   4909 |   4681 |    228 |   1277 |   2345 |   4 | 1227.2 |
               +--------+--------+--------+--------+--------+-----+--------+

Top non-repeatable levels by time:
     D:3: 1522 daAuts
     D:4: 1361 daAuts
     D:1: 1135 daAuts
     D:2: 889 daAuts
